 Seeded DCSS version 0.28-a0-1312-g71652a0310 (webtiles) character file.

Game seed: 20211228 (custom seed)

46 a11behringer the Cudgeller (level 3, -2/33 HPs)
             Began as a Minotaur Berserker on Dec 28, 2021.
             Was a Believer of Trog.
             Slain by Sigmund (4 damage)
             ... on level 2 of the Dungeon.
             The game lasted 00:02:32 (1709 turns).

a11behringer the Cudgeller (Minotaur Berserker)     Turns: 1709, Time: 00:02:33

Health: -2/33      AC:  2    Str: 23    XL:     3   Next: 44%
Magic:  2/2        EV: 12    Int:  4    God:    Trog [**....]
Gold:   69         SH:  0    Dex:  9    Spells: 2/2 levels left

rFire   . . .      SeeInvis .   a - +0 mace
rCold   . . .      Faith    .   (no shield)
rNeg    . . .      Spirit   .   b - +0 animal skin
rPois   .          Reflect  .   (helmet restricted)
rElec   .          Harm     .   (no cloak)
rCorr   .          Rampage  .   (no gloves)
Will    .....                   (no boots)
Stlth   +.........              (no amulet)
HPRegen 0.11/turn               (no ring)
MPRegen 0.08/turn               (no ring)

@: no status effects
A: horns 2, retaliatory headbutt
a: Renounce Religion, Berserk, Trog's Hand


You were on level 2 of the Dungeon.
You worshipped Trog.
Trog was pleased with you.
You visited 1 branch of the dungeon, and saw 2 of its levels.

You collected 69 gold pieces.

Inventory:

Hand Weapons
 a - a +0 mace (weapon)
Armour
 b - a +0 animal skin (worn)
Jewellery
 e - a ring of ice
Scrolls
 f - 2 scrolls of identify {unknown}
 g - a scroll of blinking {unknown}
Potions
 c - a potion of invisibility {unknown}
 d - a potion of mutation {unknown}


   Skills:
 + Level 4.1 Fighting
 * Level 4.8 Maces & Flails
 + Level 2.7 Armour
 + Level 2.3 Dodging
 + Level 0.1 Stealth


You had 2 spell levels left.
You didn't know any spells.
Your spell library was empty.

Dungeon Overview and Level Annotations

Branches:
Dungeon (2/15)

Altars:

Annotations:
D:2 Sigmund


Innate Abilities, Weirdness & Mutations

You have a pair of horns on your head.
You reflexively headbutt those who attack you in melee.


Message History

Unknown command.
You bump into the rock wall.
Sigmund casts a spell at you. The puff of flame hits you!
The jackal barely misses you.
A jackal comes into view.
You barely miss the jackal.
The jackal barks!
The jackal bites you but does no damage.
Sigmund casts a spell.
Sigmund flickers and vanishes!
Deactivating autopickup; reactivate with Ctrl-A.
The jackal bites you.
You're too confused to move!
The jackal bites you.
You're too confused to move!
You feel less confused. Something hits you. The jackal bites you.
The jackal barely misses you. Something hits you.
The jackal closely misses you. Something hits you!
* * * LOW HITPOINT WARNING * * *
The jackal bites you.
* * * LOW HITPOINT WARNING * * *
The jackal barely misses you.
The jackal bites you but does no damage.
The jackal bites you but does no damage.
The jackal closely misses you. The jackal closely misses you.
The jackal misses you. The jackal closely misses you.
The jackal closely misses you. The jackal bites you.
* * * LOW HITPOINT WARNING * * *
The jackal barely misses you.
The jackal bites you but does no damage.
The jackal completely misses you. Something hits you.
* * * LOW HITPOINT WARNING * * *
There is a stone staircase leading up, spattered with blood here.
Something hits you.
You die...

.######...#
#######...########.# #
.................#.# .#
#######..........#.###.###.
###.#####..#.#......
#.#####.........#
#...............#
##.#.##...#......#
#..#.##.#@h......#
#.........h......#
#..8...÷.8.#...#.#########
#.....÷....##.............
#...........####.########.
##..........# #.###### #.
#.....>....# #......# #.
#..........# #.####.# #.
######.8.....8..# #.# ##


You could see 2 jackals.

Vanquished Creatures
  2 worms (D:2)
  A dart slug (D:2)
  3 ball pythons
  2 bats (D:1)
  2 endoplasms (D:1)
  A giant cockroach (D:1)
  5 goblins
  8 hobgoblins
  A kobold (D:1)
  2 quokkas (D:1)
  A frilled lizard (D:1)
  4 rats
32 creatures vanquished.

Notes
Turn   | Place    | Note
-------+----------+-------------------------------------------
     0 | D:1      | a11behringer the Minotaur Berserker began the quest for the
                  | Orb.
     0 | D:1      | Reached XP level 1. HP: 19/19 MP: 0/0
   345 | D:1      | Reached XP level 2. HP: 26/27 MP: 1/1
  1254 | D:2      | Reached XP level 3. HP: 33/33 MP: 2/2
  1254 | D:2      | Found a faded altar of an unknown god.
  1325 | D:2      | Reached ** piety under Trog
  1665 | D:2      | Noticed Sigmund
  1709 | D:2      | Slain by Sigmund

Illustrated notes

Levels and vault maps discovered:
D:1:      dpeg_arrival_renting, layout_basic
D:2:      layout_loops_ring, chequers_ecumenical_altar_simple,
          minmay_misc_feat_secret_circle, st_stairs_1, serial_bayou_lagoon_b,
          uniq_crazy_yiuf_cottage, uniq_sigmund

Skill      XL: |  1  2 |
---------------+-------+-----
Maces & Flails | 4 |  4.8
Fighting       | 4 |  4.1
Armour         | |  2.7
Dodging        | |  2.3
Stealth        | |  0.1

Action                   || total
-------------------------++-------
Melee: Mace              ||    61
       Headbutt          ||     9
Invok: Berserk           ||     1
Armor: Animal skin       ||    10
Dodge: Dodged            ||    48

Table legend: (Time is in decaauts)
 A = Elapsed time spent in this place.
 B = Non-inter-level travel time spent in this place.
 C = Inter-level travel time spent in this place.
 D = Time resting spent in this place.
 E = Time spent auto-exploring this place.
 F = Levels seen in this place.
 G = Mean time per level.
                   A        B        C        D        E       F      G
               +--------+--------+--------+--------+--------+-----+--------+
         Total |   1731 |   1702 |     29 |      0 |   1493 |   2 |  865.5 |
       Dungeon |   1731 |   1702 |     29 |      0 |   1493 |   2 |  865.5 |
               +--------+--------+--------+--------+--------+-----+--------+

Top non-repeatable levels by time:
     D:1: 1257 daAuts
     D:2: 474 daAuts
